[Event "Early-Titled-Tuesday-Blitz-September-05-2023"]
[Site "Chess.com"]
[Date "2023.09.05"]
[Round "4"]
[White "Kirill_Klukin"]
[Black "gau248"]
[Result "1/2-1/2"]
[WhiteElo "2797"]
[BlackElo "2566"]
[TimeControl "180+1"]
[EndTime "8:40:01 PDT"]
[Termination "Game drawn by agreement"]

1. c4 e6 2. Nc3 d5 3. d4 Nf6 4.
Bg5 Be7 5. Nf3 O-O 6. e3 b6 7. cxd5 Nxd5 8. Bxe7 Qxe7 9. Be2 Bb7 10. O-O Nd7 11.
Rc1 c5 12. Bb5 Rfd8 13. Qe2 a6 14. Bxd7 Rxd7 15. dxc5 Qxc5 16. Nxd5 Qxd5 17. Rfd1 Qb5 18. Qxb5 Rxd1+ 19. Rxd1 axb5 20. a3 Bxf3 21. gxf3 Kf8 22. Rd6 Rb8 23. Rd7 Rc8 24. Rb7 Rc6 25. f4 g6 26. Kg2 h5 27. Kf3 Kg7 28. Kg3 Kf6 29.
Rb8 Rc2 30. b4 Rc6 31. Kf3 Ke7 32. Rb7+ Kf6 33. h3 Kg7 34. Ke4 Kf6 35. Kd3 Rd6+ 36. Kc3 Rc6+ 37. Kd3 Rd6+ 38. Ke4 Rc6 39. h4 Rd6 40.
Rc7 Rd2 41. Kf3 Rd3 42. Rc6 Rxa3 43. Rxb6 Ra1 44. Rxb5 Rh1 45. Kg3 Rg1+ 46. Kh2 Rf1 47. Kg2 Rb1 48. Rb7 e5 49. fxe5+ Kxe5 50. Kf3 Kf6 51. Kf4 Rh1 52. Rb6+ Kg7 53. Kg3 Rg1+ 54. Kh2 Rg4 55. Kh3 Rg1 56. Rc6 Rh1+ 57. Kg3 Rg1+ 58. Kh2 Rg4 59. b5 Rxh4+ 60. Kg3 Rb4 61. b6 g5 62. f3 Rb3 63. Kf2 Rb2+ 64. Kg3 h4+ 65. Kh3 Rb3 66. Kg4 f6 67. e4 Kg6 68. e5 Rb4+ 69.
Kh3 Kf5 70. exf6 Kg6 71. Kg2 Rb2+ 72. Kh3 Rb3 73. Rd6 Rxf3+ 74. Kg2 Rb3 75. Kf2 g4 76. Kg2 Rb2+ 77. Kg1 g3 78. f7+ Kxf7 79. Rh6 Rb4 80. Kg2 Kg7 81. Rh5 Rb2+ 82. Kg1 Rb4 83. b7 Kg6 84.
Rxh4 Rxb7 85. Rg4+ Kf5 86. Rxg3 Kf4 87. Ra3 Rb1+ 88.
Kf2 Rb2+ 89. Ke1 1/2-1/2

[Event "Early-Titled-Tuesday-Blitz-September-05-2023"]
[Site "Chess.com"]
[Date "2023.09.05"]
[Round "4"]
[White "SaiHanThiha"]
[Black "Andrei_Belozerov"]
[Result "1-0"]
[WhiteElo "2478"]
[BlackElo "2606"]
[TimeControl "180+1"]
[EndTime "8:40:01 PDT"]
[Termination "SaiHanThiha won by resignation"]

1. Nf3 Nf6 2. g3 g6 3. b3 Bg7 4.
Bb2 O-O 5. Bg2 d6 6. d4 c5 7. d5 b5 8. a4 b4 9. Nfd2 Bb7 10. e4 e6 11. dxe6 fxe6 12. O-O Nc6 13. Nc4 Nd4 14. Nbd2 d5 15. exd5 exd5 16. Ne3 Qd7 17.
Nf3 Nxf3+ 18. Bxf3 d4 19. Bxb7 Qxb7 20. Nc4 Ne4 21.
f3 Ng5 22. Kg2 Qd7 23. g4 Rae8 24. Bc1 Ne6 25. Qd3 Nc7 26. Bd2 Nd5 27. Rae1 Bf6 28.
Re4 Rxe4 29. fxe4 Qxg4+ 30. Kh1 Nc3 31. Bxc3 bxc3 32. Qf3 Qe6 33. Qe2 Bg7 34. Rxf8+ Bxf8 35. Qf3 Bg7 36. e5 h5 37. Kg2 Kh7 38. Qe4 a6 39.
Qf4 Kg8 40. Qe4 g5 41. h3 Kh8 42. Qf3 g4 43. hxg4 hxg4 44. Qe4 Kg8 45. Kg3 Qh6 46.
Qd5+ Kh8 47. Qa8+ Kh7 48. Qe4+ Kg8 49. Qd5+ Kh8 50. Qa8+ Bf8 51. Kxg4 Qg6+ 52. Kf4 Kg8 53. Qd5+ Kh7 54. Qe4 Bh6+ 55. Kf3 d3 56. Na3 d2 57. Qxg6+ Kxg6 58. Ke2 Kf5 59. Nb1 Kxe5 60. Nxc3 Kd4 61. Nb1 c4 62. c3+ Ke4 63. bxc4 Bg7 64. Nxd2+ Ke5 65.
Kd3 Kd6 66. Ne4+ Kc6 67. c5 Bf8 68. Kc4 Be7 69. Nd6 Bxd6 70. cxd6 Kxd6 71. Kd4 Kc6 72. c4 Kd6 73. c5+ Kc6 74. Kc4 Kc7 75. Kd5 Kd7 76. c6+ Kc7 77. Kc5 a5 78. Kb5 Kc8 79. Kxa5 Kc7 80. Kb5 Kb8 81. Kb6 Ka8 82.
a5 Kb8 83. c7+ Kc8 84. a6 Kd7 85. Kb7 Kd6 86. c8=Q 1-0

[Event "Early-Titled-Tuesday-Blitz-September-05-2023"]
[Site "Chess.com"]
[Date "2023.09.05"]
[Round "4"]
[White "viktorgen2021"]
[Black "twofoxniel"]
[Result "1-0"]
[WhiteElo "2472"]
[BlackElo "2655"]
[TimeControl "180+1"]
[EndTime "8:40:05 PDT"]
[Termination "viktorgen2021 won by resignation"]

1. Nf3 d5 2. c4 c6 3. g3 Nf6 4.
Bg2 Bf5 5. O-O e6 6. b3 h6 7. Bb2 Be7 8. d4 O-O 9. Nc3 Nbd7 10. Rc1 Ne4 11. Nxe4 Bxe4 12. Ne1 Bxg2 13. Nxg2 Bd6 14. Qd3 f5 15. cxd5 exd5 16. e3 Qf6 17. b4 a6 18.
a4 Bxb4 19. Qb3 a5 20. Bc3 Bxc3 21. Rxc3 Rab8 22. Nf4 Qd6 23. Rb1 Nf6 24. Qb6 Ne4 25. Rc2 Qd8 26. Qa7 Qc8 27. Nxd5 Kh7 28. Qxa5 Ng5 29. Nf4 Qe8 30. Rc5 Qe4 31. Rb2 Nf3+ 32. Kf1 Nxh2+ 33. Ke2 Qf3+ 34. Kd3 Qe4+ 35. Ke2 Nf3 36. Qb6 Nxd4+ 37. Kd2 Nf3+ 38. Kc3 Qxa4 39. Qc7 Qa3+ 40. Kc4 Qxb2 41. Ne6 Ne5+ 42. Rxe5 Rf7 43.
Qxb8 b5+ 44. Kc5 Qc3+ 45. Kb6 Qa3 46. Kxc6 Qc3+ 47. Kb6 b4 48. Nc5 Qc4 49. Re8 Qd5 50. Rh8+ Kg6 51. Qc8 Rf6+ 52. Kb5 b3 53. Qe8+ Rf7 54.
Qe6+ Qxe6 55. Nxe6 Rf6 56. Nf4+ Kg5 57. Rb8 Kg4 58.
Kc5 g5 59. Nd5 Ra6 60. Rxb3 Kf3 61. Rb2 h5 62. Ne7 Rf6 63. Nd5 Rf7 64. Kd4 h4 65. gxh4 gxh4 66. Nf4 Re7 67. Kd5 Rh7 68. Ke5 Rf7 69. Ke6 Rf8 70. Ke7 Rh8 71. Kf6 h3 72.
Nxh3 Rxh3 73. Kxf5 Rh8 74. Ke5 Re8+ 75. Kf6 Re4 76. Kf5 Rh4 77. Rd2 Ra4 78. Rd4 Ra5+ 79. Kf6 Kxf2 80. e4 Ke3 81. Rb4 Ra6+ 82. Kf5 Rh6 83.
e5 Rh5+ 84. Kf6 Rh6+ 85. Kf7 Rh7+ 86. Kg6 Re7 87. Kf6 Re8 88. e6 Rf8+ 89. Ke7 Rb8 90.
Rxb8 1-0

[Event "Early-Titled-Tuesday-Blitz-September-05-2023"]
[Site "Chess.com"]
[Date "2023.09.05"]
[Round "4"]
[White "MasterKroket"]
[Black "JaloliddinIlkhomi"]
[Result "1/2-1/2"]
[WhiteElo "2414"]
[BlackElo "2566"]
[TimeControl "180+1"]
[EndTime "8:40:09 PDT"]
[Termination "Game drawn by stalemate"]

1. e4 e6 2. d4 d5 3. Nc3 Bb4 4. e5 c5 5. a3 Bxc3+ 6. bxc3 Qa5 7. Bd2 Qa4 8. Nf3 c4 9. h4 Ne7 10. h5 h6 11. Nh4 Nbc6 12. g4 Bd7 13. f4 O-O-O 14. Bh3 Rdf8 15. O-O f6 16. Be3 fxe5 17. fxe5 Qa5 18. Qd2 Qd8 19. Kg2 Rhg8 20. Rxf8 Rxf8 21. Kg3 Rg8 22. Rf1 g5 23. hxg6 Nxg6 24. Rf6 Nxh4 25.
Kxh4 Ne7 26. Bxh6 Ng6+ 27. Kg3 Qc7 28. Bf4 Qd8 29. g5 Qe7 30. Bg4 Qh7 31. Qh2 Qxh2+ 32. Kxh2 Nxf4 33. Rxf4 Rxg5 34. Kg3 Rg7 35. Rf6 Kc7 36.
Kf4 Re7 37. Kg5 Kb6 38. Bh5 Kb5 39. Rf7 Rxf7 40. Bxf7 Ka4 41. Kf6 Kxa3 42. Bxe6 Bc6 43. Ke7 Kb2 44. Bd7 a5 45. e6 a4 46. Bxc6 bxc6 47. Kd6 a3 48. e7 a2 49. e8=Q a1=Q 50. Qxc6 Kxc3 51. Kxd5 Qa5+ 52. Ke4 Qh5 53. d5 Qe2+ 54.
Kf5 Qxc2+ 55. Ke6 Qg6+ 56. Kd7 Qf7+ 57. Kc8 Qf8+ 58. Kc7 Qe7+ 59. Kb6 Qd8+ 60. Kc5 Qa5+ 61. Qb5 Qc7+ 62. Qc6 Qa5+ 63. Kd6 Qd8+ 64. Ke6 Qg8+ 65. Kd7 Qf7+ 66. Kc8 Qf8+ 67. Kc7 Qe7+ 68. Kb8 Qd8+ 69. Kb7 Qe7+ 70. Qc7 Qb4+ 71. Ka7 Qa4+ 72. Kb8 Qb5+ 73.
Qb7 Qe8+ 74. Ka7 Qa4+ 75. Kb6 Qb4+ 76. Kc7 Qe7+ 77. Kc6 Qe8+ 78. Kc5 Qe3+ 79. Kb5 Qe5 80. Kc6 Qe8+ 81. Kc5 Qf8+ 82. d6 Qf2+ 83. Kc6 Qf3+ 84. Kc7 Qf4 85. Qc6 Qe5 86. Kb7 Kb2 87. d7 Qe7 88. Kc8 c3 89. Qb7+ Kc1 90. d8=Q Qxd8+ 91. Kxd8 c2 92. Qb3 Kd2 93. Qb2 Kd1 94. Qd4+ Kc1 95. Kc7 Kb1 96. Qb4+ Ka1 97. Qa3+ Kb1 98. Qb3+ Ka1 99. Qxc2 1/2-1/2

[Event "Early-Titled-Tuesday-Blitz-September-05-2023"]
[Site "Chess.com"]
[Date "2023.09.05"]
[Round "4"]
[White "Apocalyps999"]
[Black "knightinshiningarmour16"]
[Result "1-0"]
[WhiteElo "2307"]
[BlackElo "2106"]
[TimeControl "180+1"]
[EndTime "8:40:14 PDT"]
[Termination "Apocalyps999 won by checkmate"]

1. e4 c6 2. c4 d5 3. exd5 cxd5 4. cxd5 Qxd5 5. Nc3 Qd8 6. d4 Nf6 7. Nf3 g6 8. Bc4 Bg7 9. O-O O-O 10. Qb3 e6 11. a3 Nc6 12. Rd1 a6 13. Qa2 b5 14. Bb3 Na5 15. Bc2 Bb7 16. Ne5 Nd5 17. Bd2 Rc8 18. Nxd5 Bxd5 19. b3 Rxc2 20. Qxc2 Nxb3 21. Bb4 Nxa1 22.
Rxa1 Re8 23. Rc1 Bxe5 24. dxe5 Bc4 25. Bd6 Qd7 26. Qe4 f6 27. Qf4 fxe5 28. Bxe5 Rf8 29. Qh6 Qf7 30. f4 Rd8 31. Qh4 Qa7+ 32. Kh1 Rf8 33.
h3 Qe3 34. Ra1 Bd5 35. Qg4 Qf2 36. Kh2 Rc8 37. Qg3 Qxg3+ 38. Kxg3 Rc2 39. Rg1 Kf7 40. Bd6 h5 41. Kh4 Rc4 42. Kg5 Rc2 43. g3 Rh2 44. h4 Rc2 45. Be5 Rc4 46. Kh6 Rc2 47. Kg5 Rc4 48.
Kh6 Rc6 49. g4 hxg4 50. Rxg4 Rc2 51. Rxg6 Rh2 52. Rg7+ Kf8 53. h5 Rh3 54. Rg5 Rxa3 55. Bd6+ Kf7 56. Bxa3 a5 57. f5 b4 58. fxe6+ Kxe6 59. Bb2 a4 60. Re5+ Kd6 61. Re3 a3 62. Bxa3 bxa3 63.
Rxa3 Ke5 64. Rg3 Kf6 65. Kh7 Kf7 66. h6 Be4+ 67. Kh8 Kf8 68. Rg8+ Kf7 69. h7 Bd5 70.
Rd8 Be6 71. Rb8 Bd5 72. Rc8 Be6 73. Rc7+ Kg6 74. Rc6 Kf7 75. Rxe6 Kxe6 76. Kg8 Ke7 77. h8=Q Ke6 78. Qg7 Kd5 79. Qf6 Kc4 80. Kf7 Kb3 81.
Ke6 Ka2 82. Kd5 Kb1 83. Kc4 Ka2 84. Qf2+ Kb1 85. Kb3 Kc1 86. Qc2# 1-0

[Event "Early-Titled-Tuesday-Blitz-September-05-2023"]
[Site "Chess.com"]
[Date "2023.09.05"]
[Round "4"]
[White "kasun_bole"]
[Black "Keeper0416"]
[Result "1/2-1/2"]
[WhiteElo "2398"]
[BlackElo "2584"]
[TimeControl "180+1"]
[EndTime "8:40:16 PDT"]
[Termination "Game drawn - insufficient material"]

1. d4 Nf6 2. c4 g6 3. Nc3 d6 4. e4 Nbd7 5. f3 Bg7 6. Be3 O-O 7. Qd2 c5 8. Nge2 a6 9. Nc1 Qc7 10. Be2 cxd4 11. Bxd4 Ne5 12. b3 Nc6 13. Be3 Qa5 14. Rb1 Nd7 15. Nd5 Qxd2+ 16. Kxd2 e6 17. Nc3 f5 18.
exf5 gxf5 19. Nd3 Nd4 20. Bd1 b6 21. Ne2 Nc6 22. Nef4 Nc5 23. Nxc5 bxc5 24. a3 a5 25. Bc2 Bd4 26. Ne2 Bxe3+ 27. Kxe3 e5 28. Kf2 Rb8 29. a4 Nd4 30. Nxd4 cxd4 31. Rhe1 Be6 32.
Rbd1 f4 33. Rxd4 exd4 34. Rxe6 Rbd8 35. Re4 d5 36. cxd5 Rxd5 37. Bd3 Rd7 38. Re5 Kg7 39. Rxa5 Rb8 40. Rg5+ Kf6 41. Rf5+ Ke6 42. Rxf4 Ke5 43. Rf5+ Ke6 44. Rb5 Rxb5 45. axb5 Kd5 46. Bc4+ Kc5 47. Ke2 Re7+ 48. Kd2 h6 49. g4 Re3 50. Be2 Rxb3 51.
h4 Rb2+ 52. Kd3 Rb3+ 53. Kd2 Ra3 54. g5 hxg5 55. hxg5 Ra2+ 56. Kd3 Ra3+ 57. Kd2 Ra2+ 58. Ke1 Ra1+ 59. Kf2 Ra2 60. Ke1 Ra1+ 61. Kd2 Rg1 62. f4 Rg2 63. Kd3 Rg3+ 64. Kd2 Rg2 65. Kd3 Rf2 66. b6 Kxb6 67. g6 Rg2 68. Bf3 Rg3 69. Ke4 Rxg6 70. Kxd4 Kc7 71. Ke5 Kd7 72. f5 Rb6 73. Bd5 Ke7 74. f6+ Rxf6 75. Be4 Rh6 76. Kf5 Rb6 77. Ke5 Rb5+ 78. Kd4 Ra5 79. Bd3 Kd6 80.
Bc4 Rg5 81. Bd3 Rg4+ 82. Be4 Rh4 83. Kd3 Ke5 84. Bb7 Rh3+ 85. Kc4 Re3 86. Ba8 Re1 87. Kd3 Rc1 88. Bb7 Rc7 89. Ba8 Ra7 90. Bh1 Ra1 91.
Bb7 Ra4 92. Bc6 Kd6 93. Bxa4 1/2-1/2

[Event "Early-Titled-Tuesday-Blitz-September-05-2023"]
[Site "Chess.com"]
[Date "2023.09.05"]
[Round "4"]
[White "guillembaches"]
[Black "psychokiller48"]
[Result "0-1"]
[WhiteElo "2509"]
[BlackElo "2706"]
[TimeControl "180+1"]
[EndTime "8:40:17 PDT"]
[Termination "psychokiller48 won on time"]

1. e4 e5 2. Nf3 Nc6 3. Nc3 Nf6 4. d4 exd4 5. Nxd4 Bb4 6. Nxc6 bxc6 7. Bd3 d5 8. Bd2 O-O 9. O-O Bxc3 10. Bxc3 Nxe4 11.
Bxe4 dxe4 12. Qh5 Qd5 13. Qh4 Bf5 14. Qg3 Bg6 15. Qxc7 Rfd8 16. a3 Rd7 17. Qf4 Re8 18.
h3 h5 19. Kh2 e3 20. fxe3 Bxc2 21. Qg3 Bg6 22. Rf4 Re6 23. Rd4 Qxd4 24. Bxd4 a6 25. Rc1 Rd5 26. Rc5 Rxc5 27. Bxc5 Be4 28. Qf4 Bd5 29.
Bd4 Rg6 30. e4 Be6 31. Bc3 Kh7 32. a4 Bb3 33. a5 Bc4 34. g3 Kg8 35. Be5 Re6 36.
Qc1 Bd3 37. Qc3 Bxe4 38. Bxg7 Bd5 39. Be5 Rg6 40. Kg1 h4 41. Kf2 hxg3+ 42. Bxg3 Rh6 43. h4 Rh5 44. Qf6 Be6 45. Ke3 Rf5 46. Qd8+ Kh7 47.
Bf4 Rb5 48. Qf6 Rf5 49. Qe7 Rxa5 50. b4 Rf5 51. Bg5 a5 52. bxa5 Rxa5 53. Qf8 Kg6 54. Qh6+ Kf5 55. Qf6+ Kg4 56. Qf4+ Kh5 57. Qf3+ Kg6 58.
Qf6+ Kh5 59. Qh6+ Kg4 60. Bf6 Rf5 61. Qg7+ Kh5 62. Qh7+ Kg4 63. Qg7+ Kh5 64. Ke4 c5 65. Kd3 c4+ 66. Kc3 Rf3+ 67. Kc2 Rf5 68. Bc3 Rf2+ 69. Kc1 Rf1+ 70. Kd2 Rf2+ 71. Ke1 Rf5 72. Ke2 Kxh4 73. Qd4+ Kh5 74. Qg7 Rg5 75. Qh8+ Kg4 76. Bf6 Rg6 77. Qh4+ Kf5 78. Bc3 Rg4 79. Qf2+ Kg6 80. Qf6+ Kh5 81.
Qh8+ Kg5 82. Qf6+ Kh5 83. Qh8+ Kg5 84. Bf6+ Kf5 85. Bc3 Re4+ 86. Kd2 Rg4 87. Qf6+ Ke4 88. Qe5+ Kf3 89. Qe3+ Kg2 90. Qe5 Kh3 91. Ke1 Rg1+ 92. Kf2 Rg2+ 93. Kf3 Bg4+ 94. Kf4 Rf2+ 95. Ke3 Re2+ 96. Kf4 Rxe5 97. Bxe5 Be6 98. Bc3 Kg2 99. Kg5 Kf3 100. Kf6 Ke4 101. Kg5 Kd3 102. Be1 c3 0-1

[Event "Early-Titled-Tuesday-Blitz-September-05-2023"]
[Site "Chess.com"]
[Date "2023.09.05"]
[Round "4"]
[White "Andrej2004"]
[Black "Quattroporte300"]
[Result "1/2-1/2"]
[WhiteElo "2556"]
[BlackElo "2414"]
[TimeControl "180+1"]
[EndTime "8:41:07 PDT"]
[Termination "Game drawn by repetition"]

1. Nf3 c5 2. c4 Nc6 3. b3 e5 4.
Bb2 d6 5. Nc3 g6 6. g3 Bg7 7. d3 Nge7 8. Bg2 O-O 9. O-O f5 10.
Nd2 Be6 11. Nd5 Bf7 12. a3 Nxd5 13. cxd5 Ne7 14. e4 Be8 15. b4 b6 16. Qb3 f4 17. a4 g5 18. a5 Bd7 19. Nc4 f3 20.
Bh1 Bh3 21. Rfb1 b5 22. Nxd6 Qxd6 23. bxc5 Qf6 24. Qxb5 Ng6 25. c6 g4 26. Bc1 Nf4 27.
gxf4 exf4 28. Bb2 Qg6 29. Bxg7 Qxg7 30. d6 g3 31. Bxf3 Rf6 32. d7 Raf8 33. Qd5+ Be6 34. Qe5 gxh2+ 35. Kf1 Bh3+ 36. Ke2 Rxc6 37. Qxg7+ Kxg7 38. Rb7 Rd8 39. Rh1 Rc2+ 40. Kd1 Rxf2 41. Be2 f3 42.
Bxf3 Rxf3 43. Rxh2 Rxd3+ 44. Ke2 Rg3 45. Kf2 Ra3 46. e5 Rxd7 47. Rb8 Ra2+ 48. Kg3 Be6 49. Rxa2 Bxa2 50. Kf4 Bd5 51. a6 Rf7+ 52. Kg5 Be6 53. Re8 Rf5+ 54. Kh4 Rxe5 55. Re7+ Kg6 56. Rxa7 Ra5 57.
Ra8 Bc4 58. a7 Kh6 59. Rc8 Rxa7 60. Rxc4 Re7 61. Rc6+ Kg7 62. Kg5 Re5+ 63. Kf4 Re7 64. Kf5 Rf7+ 65. Ke5 Re7+ 66. Kd5 h5 67. Kd4 Rf7 68. Ke4 Rf6 69. Rc8 Rf7 70. Ke3 Kf6 71. Rh8 Kg5 72. Rg8+ Kh4 73. Rg1 Kh3 74. Rh1+ Kg4 75.
Rg1+ Kh4 76. Rh1+ Kg5 77. Rg1+ Kh6 78. Rg8 h4 79. Rh8+ Kg5 80. Rg8+ Kh5 81. Rh8+ Kg4 82. Rg8+ Kh3 83. Ke2 Kh2 84. Ke3 h3 85. Ke2 Kh1 86.
Ke3 h2 87. Ke2 Rf6 88. Ke3 Rf1 89. Ke2 Rg1 90. Rb8 Rg2+ 91. Kf3 Rg7 92. Rb1+ Rg1 93.
Rb2 Rf1+ 94. Kg3 Kg1 95. Rg2+ Kh1 96. Rxh2+ Kg1 97. Ra2 Kh1 98. Rg2 Rb1 99. Rh2+ Kg1 100. Rc2 Rb3+ 101. Kf4 Kf1 102. Ke4 Kg1 103. Kd4 Rf3 104.
Re2 Kf1 105. Ke4 Rg3 106. Ra2 Rb3 107. Kd4 Rb4+ 108. Kc3 Rb8 109. Kd3 Rd8+ 110. Ke3 Re8+ 111. Kd3 Rd8+ 112. Ke4 Re8+ 113. Kd5 Rd8+ 114. Ke6 Rd1 115. Ke5 Re1+ 116. Kf4 Re2 117. Ra1+ Re1 118. Ra3 Rc1 119. Rh3 Rc4+ 120. Ke5 Rc5+ 121. Kd4 Rc8 122. Rf3+ Ke2 123. Rf7 Rd8+ 124. Ke4 Re8+ 125. Kd4 Rd8+ 126. Ke4 Re8+ 127. Kd4 Rd8+ 1/2-1/2

[Event "Early-Titled-Tuesday-Blitz-September-05-2023"]
[Site "Chess.com"]
[Date "2023.09.05"]
[Round "5"]
[White "Ducke13"]
[Black "hsd2016"]
[Result "1-0"]
[WhiteElo "2420"]
[BlackElo "2261"]
[TimeControl "180+1"]
[EndTime "8:49:28 PDT"]
[Termination "Ducke13 won by resignation"]

1. d4 d5 2. g3 c5 3. Nf3 Nc6 4. Bg2 Nf6 5. O-O cxd4 6. Nxd4 e5 7. Nxc6 bxc6 8. c4 Be6 9. Qa4 Qd7 10. Nc3 Be7 11.
cxd5 cxd5 12. Qxd7+ Kxd7 13. Rd1 Kc6 14. Bg5 Rhd8 15.
Rac1 Kb6 16. Bxf6 Bxf6 17. Bxd5 Bg4 18. Bxa8 1-0

[Event "Early-Titled-Tuesday-Blitz-September-05-2023"]
[Site "Chess.com"]
[Date "2023.09.05"]
[Round "5"]
[White "nrvignesh"]
[Black "DrDreBeats"]
[Result "1-0"]
[WhiteElo "2833"]
[BlackElo "2548"]
[TimeControl "180+1"]
[EndTime "8:49:44 PDT"]
[Termination "nrvignesh won by resignation"]

1. d4 Nf6 2. c4 g6 3. g3 Bg7 4.
Bg2 O-O 5. Nc3 d6 6. Nf3 c6 7. e4 Bg4 8. h3 Bxf3 9. Bxf3 Nfd7 10. Be3 c5 11. d5 a6 12. O-O b5 13. cxb5 axb5 14. Nxb5 Bxb2 15. Rb1 Bg7 16. a3 Na6 17. Qc1 Qa5 18. Bd2 Qa4 19. Re1 Rfb8 20. Bd1 Qa5 21. Bxa5 1-0

[Event "Early-Titled-Tuesday-Blitz-September-05-2023"]
[Site "Chess.com"]
[Date "2023.09.05"]
[Round "5"]
[White "chito89"]
[Black "AleksanderHnydiuk"]
[Result "1-0"]
[WhiteElo "2808"]
[BlackElo "2534"]
[TimeControl "180+1"]
[EndTime "8:50:05 PDT"]
[Termination "chito89 won by resignation"]

1. d4 Nf6 2. c4 e6 3. Nf3 d5 4. g3 Bd6 5. Nbd2 O-O 6. Bg2 b6 7. cxd5 exd5 8. O-O Bb7 9. b3 Nbd7 10. Bb2 Re8 11.
Rc1 c5 12. e3 a5 13. Re1 a4 14.
dxc5 bxc5 15. Nh4 axb3 16. axb3 Ra2 17. Rc2 Bf8 18. Bxf6 1-0

[Event "Early-Titled-Tuesday-Blitz-September-05-2023"]
[Site "Chess.com"]
[Date "2023.09.05"]
[Round "5"]
[White "DishonorOnYourCow"]
[Black "Taran2004"]
[Result "1-0"]
[WhiteElo "2553"]
[BlackElo "2359"]
[TimeControl "180+1"]
[EndTime "8:50:09 PDT"]
[Termination "DishonorOnYourCow won by resignation"]

1. d4 Nf6 2. c4 c5 3. d5 b5 4. cxb5 a6 5. bxa6 d6 6. Nc3 g6 7. Nf3 Bg7 8. e4 O-O 9. Be2 Bxa6 10. O-O Qb6 11. a4 Bxe2 12. Qxe2 Na6 13. Nd2 Rfb8 14. Nb5 Nc7 15. Nc4 Qb7 16. Nxc7 Qxc7 17. Bd2 Qb7 18. Bc3 Qa6 19. Rfe1 Nd7 20. Bxg7 Kxg7 21. Qc2 Rb4 22.
b3 Nb6 23. Na3 c4 24. Qc3+ 1-0

[Event "Early-Titled-Tuesday-Blitz-September-05-2023"]
[Site "Chess.com"]
[Date "2023.09.05"]
[Round "5"]
[White "TrenerChos"]
[Black "XDPS"]
[Result "0-1"]
[WhiteElo "2619"]
[BlackElo "2865"]
[TimeControl "180+1"]
[EndTime "8:50:23 PDT"]
[Termination "XDPS won by resignation"]

1. d4 d5 2. Nf3 c6 3. b3 Nf6 4. Bb2 Bf5 5. e3 Nbd7 6. Bd3 Bxd3 7. Qxd3 e6 8. O-O Be7 9. c4 O-O 10. Nbd2 a5 11. a3 Qb6 12. Rab1 Qa6 13. Rfc1 Rfd8 14. e4 dxe4 15. Nxe4 Nxe4 16. Qxe4 Bf6 17. a4 Qb6 18. Ba3 Nf8 19. Rd1 Ng6 20. h4 h6 21. g4 Nxh4 22. Nxh4 Bxh4 23. Kg2 Bf6 24. Bc5 Qc7 25. f4 Rd7 26.
Rh1 b6 27. g5 bxc5 28. gxf6 Rxd4 29. Qe5 Qxe5 30. fxe5 Rb8 31. Rh3 Rxc4 32. Rg3 g5 33.
Rh1 Rc2+ 34. Kh3 Rb4 0-1

[Event "Early-Titled-Tuesday-Blitz-September-05-2023"]
[Site "Chess.com"]
[Date "2023.09.05"]
[Round "5"]
[White "nihalsarin"]
[Black "Dave_ChessMate"]
[Result "1-0"]
[WhiteElo "3127"]
[BlackElo "2734"]
[TimeControl "180+1"]
[EndTime "8:50:40 PDT"]
[Termination "nihalsarin won by resignation"]

1. Nf3 Nf6 2. b3 g6 3. Bb2 Bg7 4. e3 O-O 5. d4 d5 6. Be2 c5 7.
dxc5 Qa5+ 8. Nbd2 Qxc5 9. O-O Nc6 10. c4 Rd8 11. Rc1 Bf5 12. a3 a5 13. Nd4 Nxd4 14. exd4 Qc7 15. c5 h5 16. h3 Ne4 17. Nf3 Bh6 18. Rc2 Bf4 19. Bd3 g5 20. Bc1 Bxc1 21.
Qxc1 Qf4 22. Nxg5 Qxg5 23. Qxg5+ Nxg5 24. Bxf5 e6 25. Bd3 Ne4 26. Re1 Nf6 27. Re5 Kf8 28.
Rce2 Ke7 29. R2e3 b6 30. b4 axb4 31. axb4 bxc5 32. dxc5 Ra1+ 33. Re1 Ra3 34. Bf1 d4 35. Rd1 d3 36. Re3 Rb8 37. Rexd3 Rxd3 38. Bxd3 Rxb4 39. Rc1 Nd5 40. Be2 h4 41. Bf3 Nc7 42. c6 Kd6 43.
Rd1+ Nd5 44. c7 Rc4 45. Rd4 Rxc7 46. Rxh4 Rc1+ 47. Kh2 Ke7 48. Rd4 Nf6 49. g3 Rc8 50. Kg2 Nd7 51. Ra4 e5 52. Ra7 Rd8 53. Bg4 1-0

[Event "Early-Titled-Tuesday-Blitz-September-05-2023"]
[Site "Chess.com"]
[Date "2023.09.05"]
[Round "5"]
[White "SilverCityIndigo"]
[Black "Jakuboss22005"]
[Result "1-0"]
[WhiteElo "2317"]
[BlackElo "2473"]
[TimeControl "180+1"]
[EndTime "8:50:49 PDT"]
[Termination "SilverCityIndigo won by checkmate"]

1. d4 a6 2. c4 b5 3. cxb5 axb5 4. e4 Bb7 5. Nd2 b4 6. Ngf3 e6 7.
Bd3 Nf6 8. O-O c5 9. d5 Be7 10.
d6 Bf8 11. e5 Nd5 12. Ne4 Na6 13. Nfg5 f5 14. exf6 Nxf6 15. Nxf6+ Qxf6 16. Nxh7 Qd4 17. Qh5+ Kd8 18. Bg5+ Kc8 19. Qe8# 1-0

[Event "Early-Titled-Tuesday-Blitz-September-05-2023"]
[Site "Chess.com"]
[Date "2023.09.05"]
[Round "5"]
[White "NovikovaGalina"]
[Black "FREDERICKtheMATE"]
[Result "1-0"]
[WhiteElo "2417"]
[BlackElo "2524"]
[TimeControl "180+1"]
[EndTime "8:51:08 PDT"]
[Termination "NovikovaGalina won by checkmate"]

1. e4 c5 2. Nf3 g6 3. d4 cxd4 4. Nxd4 Nc6 5. Nc3 Nf6 6. Be3 Bg7 7. Nxc6 bxc6 8. e5 Ng8 9. Bd4 Rb8 10. Bc4 Qa5 11. Qd2 Bxe5 12. O-O-O Nf6 13. Rhe1 Bxd4 14. Qxd4 Qg5+ 15. f4 Qf5 16. g4 Qxg4 17. Qxf6 O-O 18. Rxe7 d5 19. Nxd5 cxd5 20. Bxd5 Be6 21. Bxe6 fxe6 22.
Qg7# 1-0

[Event "Early-Titled-Tuesday-Blitz-September-05-2023"]
[Site "Chess.com"]
[Date "2023.09.05"]
[Round "5"]
[White "IPAchess"]
[Black "NovoselovRoman"]
[Result "0-1"]
[WhiteElo "2409"]
[BlackElo "2579"]
[TimeControl "180+1"]
[EndTime "8:51:10 PDT"]
[Termination "NovoselovRoman won by resignation"]

1. d4 d5 2. c4 e6 3. Nf3 Nf6 4. Nc3 Be7 5. Bf4 a6 6. c5 Nc6 7. e3 Ne4 8. Bd3 f5 9. O-O O-O 10. Ne5 Nxe5 11. Bxe5 Bf6 12. Bxf6 Qxf6 13. f4 b6 14. Bxe4 fxe4 15. cxb6 cxb6 16. Na4 Rb8 17. Rc1 Bd7 18. Rc7 Qd8 19. Ra7 Rf7 20.
Rxa6 Bb5 0-1

[Event "Early-Titled-Tuesday-Blitz-September-05-2023"]
[Site "Chess.com"]
[Date "2023.09.05"]
[Round "5"]
[White "twofoxniel"]
[Black "infinitegiantkiller"]
[Result "1-0"]
[WhiteElo "2659"]
[BlackElo "2486"]
[TimeControl "180+1"]
[EndTime "8:51:23 PDT"]
[Termination "twofoxniel won by resignation"]

1. e4 g6 2. d4 Bg7 3. Nc3 d6 4. h3 b6 5. Be3 Bb7 6. f4 Nd7 7. Nf3 e5 8. Bc4 Ne7 9. dxe5 dxe5 10. f5 O-O 11. fxg6 hxg6 12. O-O Nf6 13. Ng5 Qxd1 14. Raxd1 Rad8 15. Rxd8 Rxd8 16. Nxf7 Rf8 17. Nd6+ Bd5 18.
Nxd5 Nexd5 19. Nb5 c6 20. Nxa7 b5 21. Bb3 Nxe4 22.
Nxc6 Rxf1+ 23. Kxf1 Kh7 24. Bxd5 1-0

[Event "Early-Titled-Tuesday-Blitz-September-05-2023"]
[Site "Chess.com"]
[Date "2023.09.05"]
[Round "5"]
[White "amintabatabaei"]
[Black "Legendinunknown"]
[Result "1-0"]
[WhiteElo "3019"]
[BlackElo "2830"]
[TimeControl "180+1"]
[EndTime "8:51:35 PDT"]
[Termination "amintabatabaei won by resignation"]

1. e4 e5 2. Nf3 Nc6 3. Bc4 Nf6 4. d3 Be7 5. Nc3 O-O 6. a4 d6 7. O-O Bg4 8. h3 Bh5 9. Be3 Nd4 10. Bxd4 exd4 11.
Nd5 Nxd5 12. Bxd5 c6 13. Bb3 Bf6 14. g4 Bg6 15. Nh2 d5 16. f4 dxe4 17. f5 e3 18.
Qf3 Qe7 19. Rae1 Be5 20. Qg2 Bxf5 21. gxf5 Kh8 22. Ng4 Bf6 23. Rf4 Rad8 24. Re4 Qd6 25. Qh2 Qxh2+ 26. Kxh2 Bh4 27. Re2 Bg5 28. h4 Bxh4 29.
Nxe3 Bg5 30. Ng4 h5 31. Ne5 Kg8 32. Nxf7 Rxf7 33. Re8+ 1-0

[Event "Early-Titled-Tuesday-Blitz-September-05-2023"]
[Site "Chess.com"]
[Date "2023.09.05"]
[Round "5"]
[White "tteshan"]
[Black "realburq"]
[Result "1-0"]
[WhiteElo "2568"]
[BlackElo "2397"]
[TimeControl "180+1"]
[EndTime "8:51:35 PDT"]
[Termination "tteshan won by resignation"]

1. d4 Nf6 2. c4 e6 3. Nc3 c5 4. d5 exd5 5. cxd5 d6 6. e4 g6 7. f4 Bg7 8. Bb5+ Nfd7 9. a4 O-O 10. Nf3 Na6 11. O-O Nb4 12. Be3 Re8 13. Bf2 a6 14. Bxd7 Bxd7 15. e5 Bg4 16. Ne4 dxe5 17. Bxc5 exf4 18.
Nd6 Qa5 19. Bxb4 Qxb4 20. Nxe8 Rxe8 21. Re1 Rxe1+ 22. Qxe1 Bxf3 23. Qxb4 1-0

[Event "Early-Titled-Tuesday-Blitz-September-05-2023"]
[Site "Chess.com"]
[Date "2023.09.05"]
[Round "5"]
[White "AlexanderL"]
[Black "FairChess_on_YouTube"]
[Result "0-1"]
[WhiteElo "2852"]
[BlackElo "3059"]
[TimeControl "180+1"]
[EndTime "8:51:42 PDT"]
[Termination "FairChess_on_YouTube won by resignation"]

1. Nf3 b5 2. e4 Bb7 3. Bxb5 Bxe4 4. O-O c6 5. Ba4 Qa5 6. Bb3 Qh5 7. Nd4 Qxd1 8. Rxd1 Nf6 9. Nc3 Bg6 10. Nde2 e6 11. Nf4 d5 12. d4 Bd6 13. Nxg6 hxg6 14. h3 Nbd7 15. Ne2 a5 16. c3 a4 17. Bc2 Ke7 18.
a3 Rhb8 19. Nf4 Bxf4 20. Bxf4 Rxb2 21. Rdc1 Ne4 22. Rab1 Rxb1 23. Bxb1 Nd6 24. Bxd6+ Kxd6 25. c4 Rb8 26. c5+ Kc7 27. Bc2 Rb2 28. Bxa4 Ra2 29. Rc3 Rd2 0-1